 Dungeon Crawl Stone Soup version 0.19.1 (console) character file.

2933 Morrissey the Grappler (level 9, -6/64 HPs)
             Began as a Black Draconian Transmuter on Dec 2, 2016.
             Was a Follower of Ashenzari.
             Mangled by a fire elemental (10 damage)
             ... summoned by a deep elf mage
             ... on level 7 of the Dungeon.
             The game lasted 00:15:12 (8507 turns).

Morrissey the Grappler (Black Draconian Transmuter) Turns: 8507, Time: 00:15:13

Health: -6/64      AC:  2    Str: 14    XL:     9   Next: 51%
Magic:  11/12      EV: 26    Int: 16    God:    Ashenzari [*.....]
Gold:   330        SH:  0    Dex: 16    Spells: 3 memorised, 3 levels left

rFire  . . .     SeeInvis .       - Unarmed
rCold  + . .     Gourm    .     (armour unavailable)
rNeg   . . .     Faith    .     (shield currently unavailable)
rPois  x         Spirit   .     (helmet currently unavailable)
rElec  .         Reflect  .     (cloak currently unavailable)
rCorr  .         Harm     .     (gloves currently unavailable)
MR     .....                    (boots currently unavailable)
Stlth  +.........               (no amulet)
                                (no ring)
                                D - ring of protection from cold (curse)

@: spider-form (expiring), very slightly contaminated, hasted, very quick
A: (breathe lightning), unfitting armour, (electricity resistance),
(cold-blooded), AC +7
a: End Transformation, Curse Item, Scrying, Renounce Religion


You were on level 7 of the Dungeon.
You worshipped Ashenzari.
Ashenzari was aware of your devotion.
You were not hungry.
You were a venomous arachnid creature.
You visited 2 branches of the dungeon, and saw 8 of its levels.

You collected 330 gold pieces.

Inventory:

Missiles
 a - 141 arrows
Armour
 h - a +0 cloak (melded)
Magical Staves
 u - an uncursed staff of summoning
 y - an uncursed staff of earth
Jewellery
 D - a cursed ring of protection from cold (left front leg)
Wands
 z - a wand of confusion (21/48)
 G - a wand of lightning (6/15)
Scrolls
 d - a scroll of amnesia {unknown}
 e - a scroll of immolation {unknown}
 f - a scroll of blinking {unknown}
 i - 2 scrolls of enchant armour {unknown}
 j - 3 scrolls of remove curse
 n - a scroll of recharging {unknown}
 p - a scroll of enchant weapon {unknown}
 q - 3 scrolls of fog {unknown}
 s - 2 scrolls of random uselessness {unknown}
 v - 2 scrolls of noise
 x - 3 scrolls of teleportation {unknown}
Potions
 g - a potion of cancellation
 k - 2 potions of agility
 l - a potion of cure mutation
 m - 2 potions of flight
 r - a potion of might
 t - a potion of ambrosia
 E - a potion of mutation
 F - a potion of magic {unknown}
 I - 2 potions of brilliance
Books
 b - a book of Changes

   Spells                             Type                      Level
   a - Beastly Appendage              Transmutation                1
   b - Sticks to Snakes               Transmutation                2
   c - Spider Form                    Transmutation/Poison         3
   d - Ice Form                       Ice/Transmutation            4
   e - Blade Hands                    Transmutation                5
 H - a book of Minor Magic

   Spells                             Type                      Level
   a - Magic Dart                     Conjuration                  1
   b - Blink                          Translocation                2
   c - Call Imp                       Summoning                    2
   d - Repel Missiles                 Charms/Air                   2
   e - Slow                           Hexes                        2
   f - Conjure Flame                  Conjuration/Fire             3
   g - Mephitic Cloud                 Conjuration/Poison/Air       3
Comestibles
 c - 3 bread rations
 A - 2 slices of pizza


   Skills:
 - Level 1.1 Fighting
 * Level 7.8 Dodging
 * Level 9.0 Unarmed Combat
 - Level 2.0 Spellcasting
 + Level 6.3 Transmutations


You had 3 spell levels left.
You knew the following spells:

 Your Spells              Type           Power        Failure   Level  Hunger
a - Beastly Appendage     Tmut           ###...       6%          1    #......
b - Spider Form           Tmut/Pois      ##........   36%         3    ###....
c - Blade Hands           Tmut           ###.......   71%         5    ######.


Dungeon Overview and Level Annotations

Branches:
Dungeon (7/15)             Temple (1/1) D:6

Altars:
Ashenzari
Cheibriados
Dithmenos
Fedhas
Gozag
Hepliaklqana
Makhleb
Nemelex Xobeh
Okawaru
Qazlal
Ru
Sif Muna
Trog
Vehumet
Xom
Yredelemnul
Zin
The Shining One


Innate Abilities, Weirdness & Mutations

((You can breathe wild blasts of lightning.))
((Your glossy black scales are hard. (AC +7)))
You cannot fit into any form of body armour.
((You are resistant to electric shocks. (rElec)))
((You are cold-blooded and may be slowed by cold attacks.))


Message History

* * * LOW HITPOINT WARNING * * *
The hippogriff misses you.
The deep elf mage mumbles some strange words.
The deep elf mage blinks!
You feel better. The fire elemental closely misses you.
The hippogriff completely misses you. x3
The deep elf mage gestures wildly while chanting.
The deep elf mage blinks!
You feel better. The fire elemental hits you. The fire elemental burns you!
* * * LOW HITPOINT WARNING * * *
As you read the scroll labeled KIAZAR CEIHIEP, it crumbles to dust.
You hear a loud clanging noise!
It was a scroll of noise.
You hear an angry hiss.
The hippogriff misses you. x2; The hippogriff claws you.
* * * LOW HITPOINT WARNING * * *
The fire elemental hits you.
* * * LOW HITPOINT WARNING * * *
The fire elemental burns you!
You die...

..## ##................#####..
..#### #.................## ##.
.#.(.######.................#
#..
.###..(.###((...............#
#.. .#
####.(((#................###..
## #####....#####.........##.##
# ##..###...#.ยง.#.........##.#
# ##..>.#..8.'eE.#...).....##.#
# #..........#Hs.#........##..#
##..........#####........##..#
##...........##...........#.)##
#...........####..........#<)#
##...........# ##........#.).##
#............# ##.####.#.....##
#...........## #..####........
............# ####..##.........
............#
##...#............


You could see a hippogriff, a deep elf mage and a fire elemental.

Vanquished Creatures
  Pikel (D:5)
  Grinder (D:4)
  The ghost of ImaNewbie the Skirmisher, an amateur DrWn of Vehumet (D:4)
  Menkaure (D:6)
  2 water moccasins
  An orc warrior (D:7)
  4 slaves (D:4)
  An ice beast (D:5)
  2 sky beasts
  2 ogres
  2 centaurs
  A big kobold (D:7)
  A bullfrog (D:7)
  3 scorpions
  3 crimson imps
  A centaur zombie (D:5)
  2 bullfrog zombies
  2 orc priests (D:7)
  A quasit (D:6)
  Crazy Yiuf (D:5)
  A gnoll shaman (D:7)
  A hound (D:6)
  2 orc wizards (D:7)
  An iguana (D:7)
  3 worker ants
  A worker ant zombie (D:6)
  7 gnolls
  11 adders
  4 oozes
  An adder skeleton (D:6)
  3 worms
  A dart slug (D:1)
  10 orcs
  2 giant cockroaches
  8 goblins
  4 hobgoblins
  7 jackals
  11 kobolds
  6 quokkas
  3 ball pythons
  5 bats
  7 frilled lizards
  2 leopard gecko skeletons
  5 rats
139 creatures vanquished.

Notes
Turn   | Place    | Note
-------+----------+-------------------------------------------
     0 | D:1      | Morrissey the Draconian Transmuter began the quest for the Orb.
     0 | D:1      | Reached XP level 1. HP: 16/16 MP: 3/3
   454 | D:1      | Reached XP level 2. HP: 23/23 MP: 5/5
  1088 | D:2      | Reached XP level 3. HP: 8/28 MP: 4/6
  1402 | D:2      | Learned a level 3 spell: Spider Form
  1416 | D:2      | Found a shadowy altar of Dithmenos.
  1465 | D:2      | Found a radiant altar of Vehumet.
  1606 | D:2      | Reached XP level 4. HP: 31/35 MP: 3/7
  1608 | D:2      | Reached skill level 4 in Unarmed Combat
  2173 | D:2      | Found a hazy altar of Hepliaklqana.
  2566 | D:3      | Reached XP level 5. HP: 30/40 MP: 6/8
  3292 | D:4      | Noticed Grinder
  3312 | D:4      | Killed Grinder
  3312 | D:4      | Reached skill level 5 in Unarmed Combat
  3312 | D:4      | Reached XP level 6. HP: 18/47 MP: 3/9
  3664 | D:4      | Noticed ImaNewbie's ghost (amateur DrWn)
  3674 | D:4      | Learned a level 5 spell: Blade Hands
  3758 | D:4      | Killed ImaNewbie's ghost
  3758 | D:4      | Your scales start taking on a glossy black colour.
  3758 | D:4      | Reached XP level 7. HP: 15/52 MP: 1/10
  3758 | D:4      | Gained mutation: You are resistant to electric shocks. (rElec) [Black Draconian growth]
  3855 | D:4      | HP: 1/52 [ogre/giant club (30)]
  4528 | D:4      | Reached skill level 6 in Unarmed Combat
  4571 | D:4      | Reached skill level 5 in Dodging
  5012 | D:5      | Entered Level 5 of the Dungeon
  5012 | D:5      | Found an opulent altar of Gozag.
  5012 | D:5      | Noticed Pikel
  5213 | D:5      | Killed Pikel
  5213 | D:5      | Reached skill level 7 in Unarmed Combat
  5213 | D:5      | Reached XP level 8. HP: 45/59 MP: 5/11
  5300 | D:5      | Reached skill level 5 in Transmutations
  6045 | D:5      | Found a runed door.
  6049 | D:5      | Noticed Crazy Yiuf
  6057 | D:5      | Killed Crazy Yiuf
  6121 | D:5      | Found a shimmering altar of Xom.
  6123 | D:5      | Found an opulent altar of Gozag.
  6123 | D:5      | Found a sacrificial altar of Ru.
  6125 | D:5      | Found a snail-covered altar of Cheibriados.
  6125 | D:5      | Found a stormy altar of Qazlal.
  6125 | D:5      | Found a radiant altar of Vehumet.
  6238 | D:6      | Noticed Menkaure
  6250 | D:6      | Killed Menkaure
  6325 | D:6      | Reached skill level 8 in Unarmed Combat
  6345 | D:6      | Reached XP level 9. HP: 64/64 MP: 8/12
  6441 | D:6      | Found a staircase to the Ecumenical Temple.
  6451 | Temple   | Entered the Ecumenical Temple
  6490 | Temple   | Became a worshipper of Ashenzari the Shackled
  7928 | D:7      | Reached * piety under Ashenzari
  8325 | D:7      | Reached skill level 9 in Unarmed Combat
  8484 | D:7      | Found an iron altar of Okawaru.
  8484 | D:7      | Noticed a deep elf mage
  8491 | D:7      | Noticed a deep elf mage
  8501 | D:7      | HP: 1/64 [hippogriff (6)]
  8507 | D:7      | Mangled by a fire elemental

Skill      XL: |  1  2  3  4  5  6  7  8  9 |
---------------+----------------------------+-----
Dodging        | 2 3 4 5 6 7 |  7.8
Unarmed Combat | 4 5 7 8 9 |  9.0
Transmutations | 3 4 5 6 |  6.3
Fighting       | |  1.1
Spellcasting   | |  2.0

Action                   |  1- 3 |  4- 6 |  7- 9 || total
-------------------------+-------+-------+-------++-------
Melee: Unarmed           |   103 |   207 |   323 ||   633
       Tailslap          |     3 |    15 |    17 ||    35
       Punch             |     2 |     1 |     6 ||     9
       Kick              |     1 |     5 |     1 ||     7
       Headbutt          |       |     2 |     4 ||     6
 Cast: Beastly Appendage |     5 |     8 |     5 ||    18
       Spider Form       |     2 |     7 |    21 ||    30
Invok: Curse Item        |       |       |     1 ||     1
 Abil: End Transformatio |       |     3 |    10 ||    13
       Breathe Lightning |       |       |     1 ||     1
  Use: Potion            |       |     5 |     7 ||    12
       Scroll            |       |       |     7 ||     7
 Stab: Sleeping          |       |     1 |       ||     1
  Eat: Chunk             |     2 |     8 |     8 ||    18
       Meat ration       |       |       |     3 ||     3
Armor: Skin              |    30 |    33 |    52 ||   115
Dodge: Dodged            |    74 |   142 |   275 ||   491
